AoeStats
← [xLERx] Eddie

Lombardia

508218293Analyzed
3v3 RM · 11d ago on Sep 21, 2026· 65m 41s· 6 players
Game mode
Random Map
Map size
Normal (6 player)
Population
200
Speed
Normal
Resources
Standard
Victory
Conquest
Starting age
Dark Age
Ending age
Imperial Age
RankedLock teamsTeams togetherTeam positionsShared explorationLock speedFull tech treeHidden civsTurbo modeCheats
Victory
Defeat
🇹🇼 Persians · Taiwan
1000
+16
🇹🇼 Mongols · Taiwan
966
+18
🇹🇼 Poles · Taiwan
966
+18
🇮🇹 Byzantines · Italy
1023
-18
🇮🇹 Britons · Italy
1011
-18
🇮🇹 Lithuanians · Italy
983
-16
[xLERx] littleseven
7:11 Loom
9:09 Feudal Age
10:32 Double-Bit Axe
11:17 Horse Collar
17:56 Wheelbarrow
19:33 Forging
21:53 Castle Age
20:27 Forging
21:08 Scale Barding Armor
21:17 Bloodlines
23:02 Bow Saw
22:58 Heavy Plow
23:51 Husbandry
26:12 Chain Barding Armor
27:59 Iron Casting
30:39 Hand Cart
30:10 Town Watch
32:51 Gold Mining
36:08 Imperial Age
34:33 Ballistics
34:24 Masonry
35:04 Gold Shaft Mining
34:20 Stone Mining
35:05 Light Cavalry
35:42 Fletching
36:06 Squires
35:58 Cavalier
38:27 Two-Man Saw
38:09 Savar
39:43 Bodkin Arrow
40:53 Blast Furnace
40:49 Plate Barding Armor
41:09 Town Patrol
41:06 Bodkin Arrow
41:12 Padded Archer Armor
42:05 Scale Mail Armor
43:04 Conscription
42:26 Pikeman
42:52 Gambesons
42:28 Man-at-Arms
44:35 Leather Archer Armor
44:32 Kamandaran
44:44 Citadels
45:12 Hussar
47:10 Chain Mail Armor
47:25 Ring Archer Armor
47:26 Arson
47:30 Halberdier
48:50 Plate Mail Armor
52:02 Stone Shaft Mining
50:49 Long Swordsman
52:38 Chemistry
52:09 Architecture
54:43 Crossbowman
55:29 Thumb Ring
56:42 Elite Skirmisher
58:56 Caravan
[xLERx] wuchen
7:37 Loom
9:50 Feudal Age
13:23 Double-Bit Axe
18:03 Castle Age
18:21 Bloodlines
18:59 Wheelbarrow
18:47 Fletching
19:27 Horse Collar
21:50 Bodkin Arrow
28:49 Bow Saw
28:41 Heavy Plow
28:32 Gold Mining
35:35 Imperial Age
34:52 Gold Shaft Mining
34:52 Scale Barding Armor
34:48 Padded Archer Armor
36:59 Ballistics
37:40 Chemistry
36:10 Light Cavalry
36:51 Husbandry
37:04 Forging
38:16 Chain Barding Armor
38:31 Iron Casting
38:19 Bracer
38:18 Capped Ram
40:14 Parthian Tactics
39:55 Thumb Ring
39:51 Heavy Camel Rider
40:20 Hussar
42:53 Blast Furnace
42:46 Conscription
42:59 Siege Ram
44:22 Drill
45:22 Leather Archer Armor
45:52 Elite Mangudai
48:50 Hand Cart
48:22 Elite Skirmisher
48:44 Heavy Scorpion
51:50 Caravan
[xLERx] Eddie
2:53 Loom
10:46 Feudal Age
14:16 Double-Bit Axe
21:31 Castle Age
20:36 Horse Collar
22:40 Bow Saw
23:38 Scale Barding Armor
24:40 Szlachta Privileges
24:58 Heavy Plow
26:10 Bloodlines
28:37 Chain Barding Armor
29:40 Forging
31:26 Iron Casting
35:46 Gold Mining
35:59 Squires
40:39 Imperial Age
38:18 Caravan
38:40 Husbandry
38:42 Scale Mail Armor
38:04 Pikeman
40:13 Chain Mail Armor
40:50 Cavalier
42:31 Blast Furnace
41:58 Lechitic Legacy
41:58 Conscription
43:08 Plate Mail Armor
44:19 Wheelbarrow
44:06 Stone Mining
43:46 Light Cavalry
47:21 Elite Skirmisher
48:07 Thumb Ring
50:29 Winged Hussar
52:14 Fletching
52:24 Padded Archer Armor
54:44 Leather Archer Armor
54:24 Bodkin Arrow
55:41 Chemistry
55:02 Ballistics
LordGiamma
11:06 Feudal Age
9:31 Loom
12:50 Wheelbarrow
12:19 Double-Bit Axe
15:18 Castle Age
21:10 Stone Mining
22:58 Horse Collar
25:32 Hand Cart
25:54 Fletching
29:06 Bow Saw
34:11 Imperial Age
31:48 Town Watch
32:41 Forging
33:59 Iron Casting
33:41 Bloodlines
33:29 Gold Mining
33:05 Pikeman
33:56 Heavy Plow
35:19 Conscription
35:12 Scale Barding Armor
34:34 Elite Leitis
35:58 Halberdier
36:42 Husbandry
38:12 Squires
38:49 Treadmill Crane
39:30 Ballistics
42:02 Caravan
46:44 Scale Mail Armor
47:05 Chain Barding Armor
49:15 Town Patrol
61:37 Crop Rotation
62:11 Two-Man Saw
64:03 Light Cavalry
Jan2427
12:20 Feudal Age
10:36 Loom
17:58 Castle Age
17:37 Double-Bit Axe
24:24 Horse Collar
26:57 Pikeman
29:56 Squires
32:53 Wheelbarrow
34:23 Scale Mail Armor
37:21 Forging
37:28 Chain Mail Armor
42:56 Imperial Age
41:48 Iron Casting
43:31 Hand Cart
43:09 Halberdier
48:23 Heavy Plow
49:25 Bow Saw
50:51 Plate Mail Armor
50:14 Fletching
53:47 Conscription
54:18 Fortified Wall
54:30 Ballistics
55:11 Chemistry
54:07 Murder Holes
55:59 Arson
58:11 Two-Man Saw
58:58 Gold Mining
59:06 Bodkin Arrow
62:19 Crop Rotation
64:06 Scale Barding Armor
65:28 Light Cavalry
66:09 Husbandry
stepsm193
0:36 Loom
10:19 Feudal Age
19:35 Castle Age
18:04 Double-Bit Axe
18:32 Horse Collar
18:46 Stone Mining
22:38 Fletching
23:23 Gold Mining
24:34 Bodkin Arrow
25:51 Ballistics
27:55 Wheelbarrow
29:51 Bow Saw
29:44 Heavy Plow
32:56 Masonry
41:12 Imperial Age
40:12 Padded Archer Armor
41:40 Leather Archer Armor
42:16 Bracer
42:56 Murder Holes
45:02 Chemistry
46:44 Conscription
48:06 Ring Archer Armor
50:24 Yeomen
51:00 Caravan
52:17 Fortified Wall
52:25 Town Watch
53:26 Hand Cart
53:36 Elite Longbowman
59:35 Hoardings
61:02 Treadmill Crane
61:08 Arrowslits
61:56 Architecture
64:29 Cavalier
65:10 Husbandry
Connection lost

Rejoining the realm…

Still unreachable

The connection could not be restored.

Session expired

The server has moved on; the page needs a fresh start.